 Dungeon Crawl Stone Soup version 0.27.1 (webtiles) character file.

Game seed: 7247891730653674805

42 pikapanic123 the Ducker (level 3, -1/25 HPs)
             Began as a Felid Berserker on Sept 5, 2021.
             Was a Follower of Trog.
             Slain by a gnoll (8 damage)
             ... on level 2 of the Dungeon.
             The game lasted 00:02:47 (1397 turns).

pikapanic123 the Ducker (Felid Berserker)           Turns: 1397, Time: 00:02:48

Health: -1/25      AC:  1    Str: 14    XL:     3   Next: 35%
Magic:  0/4        EV: 18    Int:  8    God:    Trog [*.....]
Gold:   19         SH:  0    Dex: 15    Spells: 2/2 levels left
                                        Lives:  0   Deaths: 0

rFire    . . .     SeeInvis +     - Unarmed
rCold    . . .     Faith    .   (shield unavailable)
rNeg     . . .     Spirit   +   (armour unavailable)
rPois    .         Reflect  .   (helmet unavailable)
rElec    .         Harm     .   (cloak unavailable)
rCorr    .         Rampage  .   (gloves unavailable)
Will     .....                  (boots unavailable)
Stlth    ..........             b - amulet of guardian spirit
HPRegen  0.08/turn              (no ring)
MPRegen  0.09/turn              (no ring)

@: berserking, very quick
A: very small, claws 1, fangs 3, see invisible, speed 1, shaggy fur 1, stealthy
paws, no weapons or thrown items, no armour, multi-lived
a: Renounce Religion, Berserk


You were on level 2 of the Dungeon.
You worshipped Trog.
Trog was aware of your devotion.
You visited 1 branch of the dungeon, and saw 2 of its levels.

You collected 19 gold pieces.

Inventory:

Hand Weapons
 a - a +0 club
Armour
 c - a +0 robe
Jewellery
 b - an amulet of guardian spirit (around neck)
Potions
 e - a potion of flight {unknown}


   Skills:
 * Level 3.5 Fighting
 + Level 4.6 Dodging
 + Level 3.6 Unarmed Combat


You had 2 spell levels left.
You didn't know any spells.
Your spell library was empty.

Dungeon Overview and Level Annotations

Branches:
Dungeon (2/15)

Altars:

Shops:
D:1 :


Innate Abilities, Weirdness & Mutations

You have sharp claws.
You have razor-sharp teeth.
You have supernaturally acute eyesight. (SInv)
You cover ground quickly. (Speed+)
You are covered in fur. (AC +1)
Your paws help you pounce on unaware monsters.
You are incapable of wielding weapons or throwing items.
You cannot wear armour.
You gain extra lives every three experience levels.


Message History

The gnoll shouts!
You hear a shout!
A gnoll comes into view. It is wielding a +0 whip.
The gnoll shouts!
A gnoll comes into view. It is wielding a +0 flail.
A gnoll comes into view. It is wielding a +0 spear.
The gnoll shouts! x2
The gnoll closely misses you.
You barely miss the gnoll. The gnoll misses you.
You scratch the gnoll but do no damage. The gnoll misses you.
You scratch the gnoll. Your claw misses the gnoll.
The gnoll is moderately wounded.
The gnoll hits you with a +0 flail!
You scratch the gnoll.
The gnoll is moderately wounded.
The gnoll completely misses you.
You closely miss the gnoll.
The gnoll is moderately wounded.
The gnoll hits you with a +0 flail.
* * * LOW HITPOINT WARNING * * *
A red film seems to cover your vision as you go berserk!
You feel yourself moving faster!
You feel mighty!
You scratch the gnoll.
The gnoll is almost dead.
The gnoll closely misses you.
You barely miss the gnoll.
The gnoll is almost dead.
You scratch the gnoll.
You kill the gnoll!
Trog accepts your kill.
You have reached level 3!
Your experience leads to an increase in your attributes!
Increase (S)trength, (I)ntelligence, or (D)exterity?
You feel stronger.
You scratch the gnoll.
The gnoll is heavily wounded.
You claw the gnoll!
You kill the gnoll!
Trog accepts your kill. The gnoll hits you with a +0 flail!
You die...

#.........####.##.#
#.###.#.........#.#
#.#.#.##......#
#.#.#.##....#.#
#.....##.#.##...
###.#.##.#.# ###
....##.#g#
##...[..#g# ##
###@# #.# #.# ...
##.#. #.#.# #.# #
... ...


You could see 2 gnolls.

Vanquished Creatures
  2 gnolls (D:2)
  A dart slug (D:1)
  An endoplasm (D:1)
  6 goblins (D:1)
  2 hobgoblins (D:1)
  3 kobolds (D:1)
  2 bats (D:1)
  A frilled lizard (D:1)
  3 rats (D:1)
21 creatures vanquished.

Vanquished Creatures (others)
  2 withered plants (D:2)
2 creatures vanquished.

Grand Total: 23 creatures vanquished

Notes
Turn   | Place    | Note
-------+----------+-------------------------------------------
     0 | D:1      | pikapanic123 the Felid Berserker began the quest for the
                  | Orb.
     0 | D:1      | Reached XP level 1. HP: 10/10 MP: 2/2
   402 | D:1      | Reached XP level 2. HP: 4/14 MP: 3/3
   841 | D:1      | Found Zesyquot's Book Shop.
  1395 | D:2      | Reached XP level 3. HP: 7/17 MP: 0/4
  1397 | D:2      | Slain by a gnoll

Illustrated notes

Levels and vault maps discovered:
D:1:      heliophobic_arrival_enchanted_forest, layout_basic, serial_shops,
          nicolae_shop_crystal
D:2:      layout_loops_corners, serial_undead, serial_undead_f, serial_undead_d,
          serial_undead_a, serial_undead_d

Action                   || total
-------------------------++-------
Melee: Unarmed           ||    58
       Bite              ||     4
Invok: Berserk           ||     1
  Use: Scroll            ||     1
 Stab: Sleeping          ||     3
Armor: Skin              ||     5
Dodge: Dodged            ||    38
